 Dungeon Crawl Stone Soup version 0.30-a0-778-g2ef04afb54 (webtiles) character file.

Game seed: 2582967225963461281

11006 funkygono the Thaumaturge (level 11, -5/58 HPs)
             Began as a Gargoyle Fire Elementalist on Feb 16, 2023.
             Was an Elder of Vehumet.
             Killed from afar by a rakshasa (illusionary) (8 damage)
             ... with a lance of force
             ... on level 9 of the Dungeon.
             The game lasted 00:20:38 (10831 turns).

funkygono the Thaumaturge (GrFE)                   Turns: 10831, Time: 00:20:38

Health: -5/58      AC: 21    Str: 12    XL:     11   Next: 71%
Magic:  19/26      EV: 12    Int: 26    God:    Vehumet [****..]
Gold:   812        SH:  0    Dex: 10    Spells: 10/32 levels left

rFire   . . .      SeeInvis .    b - +4 whip (freeze)
rCold   . . .      Faith    .    (no shield)
rNeg    + . .      Spirit   .    u - +0 steam dragon scales
rPois   ∞          Reflect  .    o - +1 helmet
rElec   +          Harm     .    e - +1 cloak
rCorr   .          Rampage  .    (no gloves)
Will    .....                    (no boots)
Stlth   ++                       p - amulet of regeneration
HPRegen 1.09/turn                j - +4 ring of protection
MPRegen 0.20/turn                F - +6 ring of intelligence

@: no status effects
A: sickness immunity, AC +8, negative energy resistance 1, electricity
resistance, torment resistance 1, petrification resistance
a: Renounce Religion


You were on level 9 of the Dungeon.
You worshipped Vehumet.
Vehumet was greatly pleased with you.
You visited 2 branches of the dungeon, and saw 10 of its levels.
You also visited: Ossuary.

You collected 862 gold pieces.
You spent 50 gold pieces at shops.

Inventory:

Hand Weapons
 b - a +4 whip of freezing (weapon)
 h - a +1 whip
 t - a +1 heavy mace
 D - the +9 trident "Bal Isuz" {heavy, rPois}
   (You found it on level 8 of the Dungeon)

   rPois:     It protects you from poison.
Missiles
 L - 2 throwing nets
Armour
 e - a +1 cloak (worn)
 o - a +1 helmet (worn)
 u - +0 steam dragon scales (worn)
 B - a +0 scale mail of fire resistance
 N - the +1 robe of Dogmatism {rElec}
   (You took it off a wizard on level 9 of the Dungeon)

   rElec:     It insulates you from electricity.
Magical Staves
 O - a staff of earth
Jewellery
 j - a +4 ring of protection (left hand)
 n - a ring of protection from fire
 p - an amulet of regeneration (around neck)
 q - a ring of resist corrosion
 E - a ring of protection from cold
 F - a +6 ring of intelligence (right hand)
 M - the amulet "Qaatt" {Acrobat Str+3}
   (You took it off a wizard on level 9 of the Dungeon)

   [amulet of the acrobat]

   It increases your evasion while moving and waiting.
   Str:       It affects your strength (+3).
Wands
 d - a wand of mindburst (14)
 s - a wand of flame (9)
 G - a wand of roots (17)
 J - a wand of light (3)
Scrolls
 a - a scroll of blinking
 k - a scroll of magic mapping
 r - 2 scrolls of poison
 w - a scroll of fear
 x - a scroll of amnesia
 y - a scroll of fog
 A - 3 scrolls of teleportation
 H - a scroll of identify
Potions
 c - 3 potions of brilliance
 f - 3 potions of lignification
 g - 10 potions of curing
 i - 2 potions of heal wounds
 l - 5 potions of might
 m - 2 potions of haste
 v - a potion of flight
 z - a potion of ambrosia
 C - a potion of resistance {unknown}
 I - a potion of invisibility {unknown}
 K - a potion of mutation {unknown}


   Skills:
 + Level 2.5 Fighting
 + Level 2.5 Maces & Flails
 + Level 4.0 Dodging
 - Level 2.1 Stealth
 + Level 11.0 Spellcasting
 + Level 7.8 Conjurations
 + Level 10.9 Fire Magic
 + Level 0.6 Evocations


You had 10 spell levels left.
You knew the following spells:

 Your Spells              Type           Power      Damage    Failure   Level
a - Foxfire               Conj/Fire      100%       2x1d9     1%          1
b - Scorch                Fire           100%       2d10      1%          2
c - Kindle Blastsparks    Fire/Tloc/Air  66%        2d15      1%          3
d - Flame Wave            Conj/Fire      58%        2d14      1%          4
e - Fireball              Conj/Fire      29%        3d13      1%          5
f - Momentum Strike       Conj/Tloc      68%        3d9       1%          2
g - Searing Ray           Conj           100%       2d8       1%          2
h - Ignite Poison         Fire/Tmut/Pois 33%        N/A       1%          3

Your spell library contained the following spells:

 Spells                   Type           Power      Damage    Failure   Level
 Irradiate                Conj/Tmut      17%        3d17      6%          5
 Magic Dart               Conj           100%       1d8       1%          1
 Inner Flame              Hex/Fire       42%        N/A       1%          3
 Fulminant Prism          Conj/Hex       17%        3d10      2%          4
 Frozen Ramparts          Ice            28%        1d5       3%          3
 Starburst                Conj/Fire      29%        6d9       4%          6
 Cause Fear               Hex            7%         N/A       38%         4
 Ice Form                 Ice/Tmut       14%        N/A       38%         4
 Summon Ice Beast         Ice/Summ       14%        N/A       38%         4
 Discord                  Hex            7%         N/A       100%        8


Dungeon Overview and Level Annotations

Branches:
Dungeon (9/15)             Temple (1/1) D:6         Ossuary (visited)
   Lair: D:8-11         Orc: D:9-12

Altars:
Ashenzari
Cheibriados
Dithmenos
Elyvilon
Fedhas
Gozag
Hepliaklqana
Kikubaaqudgha
Makhleb
Nemelex Xobeh
Okawaru
Qazlal
Ru
Sif Muna
Trog
Uskayaw
Vehumet
Wu Jian
Xom
Yredelemnul
Zin
The Shining One

Shops:
D:2 !   D:6 (


Innate Abilities, Weirdness & Mutations

You are immune to sickness and miasma.
Your stone body is resilient. (AC +8)
You are immune to poison.
You resist negative energy. (rN+)
You are resistant to electric shocks. (rElec)
You are resistant to unholy torment.
You are immune to petrification.


Message History

Casting: Scorch (safe; 1% risk of failure)
Confirm with . or Enter, or press ? or * to list all spells.
You conjure some foxfire!
Casting: Foxfire (safe; 1% risk of failure)
Confirm with . or Enter, or press ? or * to list all spells.
Flames lash the orc priest.
The orc priest is severely wounded.
The orc priest's fire resistance burns away.
The foxfire hits the orc priest!
The orc priest is burned terribly!
You kill the orc priest!
Vehumet accepts your kill.
You feel your power returning.
Unknown command.
Your foxfire dissipates!
There is an open door here.
Casting: Scorch (safe; 1% risk of failure)
Confirm with . or Enter, or press ? or * to list all spells.
Flames lash the rakshasa.
The rakshasa is lightly wounded.
The rakshasa's fire resistance burns away.
The rakshasa gestures at you. The lance of force hits you!
You are knocked back by the lance of force.
You slam into the crystal wall!
Casting: Scorch (safe; 1% risk of failure)
Confirm with . or Enter, or press ? or * to list all spells.
Flames lash the rakshasa.
The rakshasa is burned terribly!
The rakshasa is moderately wounded.
Casting: Scorch (safe; 1% risk of failure)
Confirm with . or Enter, or press ? or * to list all spells.
Flames lash the rakshasa.
The rakshasa is burned terribly!
The rakshasa is heavily wounded.
The injured rakshasa weaves a defensive illusion!
The rakshasa gestures at you. The lance of force hits you!!
* * * LOW HITPOINT WARNING * * *
Unknown command.
The rakshasa gestures at you. The lance of force hits you!
You die...

)####.####..######
..................
'#########'#######
)....#........##..
.#.#.#......##.#.#
####c#....##.#.#.#
.#.#c#.###..#).#.###'###
c.§..'#...#.#..'.'.....'
.#†#.#.## .#..)#@###'###
#######c.#.#...#R#... #
#.#.#...#R#'###'#.#
#.#....#R........#
#'#########'##### #.#
.... # .....# .#...#..
...#.#...#


You could see 3 rakshasas.

Vanquished Creatures
  Gastronok (D:9)
  A centaur warrior (D:9)
  A two-headed ogre (D:9)
  Pikel (D:6)
  A wizard (D:9)
  A manticore (D:9)
  Joseph (D:7)
  Maggie (D:6)
  A troll (D:9)
  2 hornets
  A slime creature (D:9)
  A vampire (D:9)
  3 wyverns
  A wraith (D:9)
  6 yaks (D:9)
  2 steam dragons
  Menkaure (D:6)
  A water moccasin (D:7)
  2 orc warriors
  A sky beast (D:7)
  A black bear (D:8)
  4 centaurs
  An ogre (D:6)
  5 bullfrogs
  5 kobold brigands
  2 gnoll sergeants (D:9)
  4 scorpions
  A wight (D:9)
  4 necrophages
  13 killer bees (D:9)
  A howler monkey (D:9)
  9 orc priests
  6 jellies
  A human zombie (Ossuary)
  5 hounds
  3 iguanas
  8 orc wizards
  3 mummies (Ossuary)
  Robin (D:3)
  12 gnolls
  12 adders
  3 shadow imps
  2 ufetubi
  2 adder zombies (Ossuary)
  A worm (D:3)
  4 dart slugs
  40 orcs
  5 endoplasms
  A giant cockroach (D:2)
  15 goblins
  6 hobgoblins
  28 kobolds
  2 quokkas
  14 ball pythons
  5 bats
  A frilled lizard (D:3)
  2 goblin zombies (Ossuary)
  A hobgoblin zombie (Ossuary)
  4 kobold zombies (Ossuary)
  5 quokka zombies (Ossuary)
  6 rats
  3 rat zombies (Ossuary)
281 creatures vanquished.

Vanquished Creatures (collateral kills)
  3 foxfires
3 creatures vanquished.

Vanquished Creatures (others)
  778 foxfires
  6 fungi (D:9)
784 creatures vanquished.

Grand Total: 1068 creatures vanquished

Notes
Turn   | Place    | Note
-------+----------+-------------------------------------------
     0 | D:1      | funkygono the Gargoyle Fire Elementalist began the quest
                  | for the Orb.
     0 | D:1      | Reached XP level 1. HP: 10/10 MP: 3/3
   263 | D:1      | Reached XP level 2. HP: 9/15 MP: 1/5
   513 | D:1      | Learned a level 2 spell: Scorch
   703 | D:1      | Found a faded altar of an unknown god.
   778 | D:2      | Reached XP level 3. HP: 19/19 MP: 1/6
   782 | D:2      | Learned a level 3 spell: Kindle Blastsparks
   965 | D:2      | Reached XP level 4. HP: 24/24 MP: 4/8
  2094 | D:2      | Found Xen Day's Distillery.
  2104 | D:2      | Bought a potion of heal wounds for 50 gold pieces
  2227 | D:3      | Reached skill level 3 in Spellcasting
  2469 | D:3      | Reached XP level 5. HP: 28/28 MP: 4/9
  2474 | D:3      | Learned a level 4 spell: Flame Wave
  2688 | D:3      | Noticed Robin
  2696 | D:3      | Killed Robin
  3791 | D:3      | Reached XP level 6. HP: 23/32 MP: 2/11
  4184 | D:4      | Reached skill level 5 in Fire Magic
  4485 | D:4      | Reached skill level 4 in Spellcasting
  5092 | D:5      | Entered Level 5 of the Dungeon
  5124 | D:5      | Reached XP level 7. HP: 31/36 MP: 0/13
  5594 | D:5      | You fall into a shaft and drop 1 floor!
  5596 | D:6      | Found a staircase to the Ecumenical Temple.
  5604 | Temple   | Entered the Ecumenical Temple
  5691 | Temple   | Became a worshipper of Vehumet
  5827 | D:6      | Noticed Pikel
  5840 | D:6      | Killed Pikel
  5841 | D:6      | Reached skill level 5 in Spellcasting
  5841 | D:6      | Reached XP level 8. HP: 39/41 MP: 6/16
  5913 | D:6      | Reached skill level 6 in Spellcasting
  6093 | D:6      | Noticed Maggie
  6108 | D:6      | Killed Maggie
  6109 | D:6      | Reached skill level 7 in Spellcasting
  6312 | D:6      | Reached XP level 9. HP: 45/45 MP: 15/19
  6492 | D:6      | Reached skill level 1 in Fighting
  6493 | D:6      | Noticed a hornet
  6499 | D:6      | Killed a hornet
  6500 | D:6      | Reached skill level 5 in Conjurations
  6501 | D:6      | Reached * piety under Vehumet
  6501 | D:6      | Offered knowledge of Shock by Vehumet.
  6542 | D:6      | Reached skill level 1 in Maces & Flails
  6677 | D:6      | Reached skill level 8 in Spellcasting
  6859 | D:6      | Found a glowing silver altar of Zin.
  6990 | D:6      | Noticed Menkaure
  6997 | D:6      | Killed Menkaure
  7067 | D:6      | Found Kuoblisch's Antique Weapon Shop.
  7174 | D:6      | Learned a level 5 spell: Fireball
  7413 | D:7      | Reached XP level 10. HP: 53/53 MP: 19/22
  7471 | D:7      | Reached ** piety under Vehumet
  7471 | D:7      | Offered knowledge of Poisonous Vapours by Vehumet.
  7486 | D:7      | Found a sand-covered staircase.
  7491 | Ossuary  | Entered an ossuary
  7931 | D:7      | Noticed Joseph
  7944 | D:7      | Killed Joseph
  8151 | D:7      | Offered knowledge of Momentum Strike by Vehumet.
  8155 | D:7      | Learned a level 2 spell: Momentum Strike
  8279 | D:7      | Learned a level 2 spell: Searing Ray
  8485 | D:8      | Reached skill level 9 in Spellcasting
  8650 | D:8      | Identified the +9 trident "Bal Isuz" {heavy, rPois}
  9009 | D:8      | Reached *** piety under Vehumet
  9561 | D:9      | Noticed a two-headed ogre
  9570 | D:9      | Offered knowledge of Ignite Poison by Vehumet.
  9766 | D:9      | Learned a level 3 spell: Ignite Poison
  9816 | D:9      | Reached skill level 10 in Spellcasting
  9816 | D:9      | Reached XP level 11. HP: 54/57 MP: 5/25
  9823 | D:9      | Noticed a centaur warrior
  9936 | D:9      | Killed a centaur warrior
  9937 | D:9      | Reached skill level 10 in Fire Magic
 10080 | D:9      | Found a hazy altar of Hepliaklqana.
 10266 | D:9      | Reached **** piety under Vehumet
 10273 | D:9      | Noticed Gastronok
 10290 | D:9      | Killed Gastronok
 10323 | D:9      | Offered knowledge of Irradiate by Vehumet.
 10449 | D:9      | Found a white marble altar of Elyvilon.
 10475 | D:9      | Noticed a manticore
 10480 | D:9      | Noticed a rakshasa
 10486 | D:9      | Killed a manticore
 10532 | D:9      | HP: 1/58 [rakshasa/+0 long sword (17)]
 10687 | D:9      | Noticed a two-headed ogre
 10691 | D:9      | Killed a two-headed ogre
 10773 | D:9      | Identified the +1 robe of Dogmatism {rElec}
 10773 | D:9      | Identified the amulet "Qaatt" {Acrobat Str+3}
 10773 | D:9      | Noticed a wizard
 10777 | D:9      | Killed a wizard
 10778 | D:9      | Reached skill level 11 in Spellcasting
 10830 | D:9      | HP: 2/58 [rakshasa (illusionary)/lance of force (18)]
 10831 | D:9      | Killed from afar by a rakshasa (illusionary)

Illustrated notes

Levels and vault maps discovered:
D:1:      dpeg_arrival_fog, layout_rooms, ebering_ecumenical_altar_ruins
D:2:      layout_basic, serial_shops, nicolae_lakefront_shop, dk_vineyard_2,
          nicolae_half_adder
D:3:      layout_loops_corners, uniq_robin
D:4:      layout_basic
D:5:      layout_basic
D:6:      hangedman_cross_stitches, layout_loops_ring,
          nicolae_overflow_crystal_walls, minmay_temple_entry_proselytizer,
          serial_shops, shop_coins, minmay_holes, uniq_menkaure, uniq_pikel,
          uniq_maggie
D:7:      layout_basic, enter_ossuary_2, uniq_joseph
D:8:      layout_rooms
D:9:      minmay_the_grid_3x2 [minmay_the_grid_doors, minmay_the_grid_expand,
          minmay_the_grid_slots, minmay_the_grid_x, minmay_the_grid_square_x,
          minmay_the_grid_prize_trominoes], layout_loops_ring,
          mainiacjoe_overflow_small_starburst, mainiacjoe_overflow_boulevard,
          uniq_gastronok
Temple:   compressed_dpeg_triangle_lava_temple

Skill      XL: |  1  2  3  4  5  6  7  8  9 10 11 |
---------------+----------------------------------+-----
Fire Magic     | 4 5 6 7 8 9 10 | 10.9
Conjurations   | 2 3 4 5 6 7 |  7.8
Spellcasting   | 3 4 5 7 8 10 11 | 11.0
Dodging        | 2 3 4 |  4.0
Fighting       | 1 2 |  2.5
Maces & Flails | 2 |  2.5
Stealth        | |  2.1
Evocations     | |  0.6

Action                     |  1- 3 |  4- 6 |  7- 9 | 10-12 || total
---------------------------+-------+-------+-------+-------++-------
  Melee: Unarmed           |     3 |       |       |       ||     3
         Whip              |     3 |    29 |    71 |    10 ||   113
   Cast: Foxfire           |    48 |   134 |   108 |   177 ||   467
         Scorch            |       |    19 |    30 |    45 ||    94
         Flame Wave        |       |       |     4 |    23 ||    27
         Fireball          |       |       |       |     8 ||     8
         Momentum Strike   |       |       |       |     1 ||     1
  Evoke: Wand              |       |       |       |     4 ||     4
    Use: Scroll            |       |     7 |     6 |    11 ||    24
         Potion            |       |       |     1 |     2 ||     3
 Armour: Robe              |     3 |    30 |     6 |       ||    39
         Steam dragon scal |       |       |    48 |    58 ||   106
  Dodge: Dodged            |     6 |    23 |    61 |    58 ||   148

Table legend: (Time is in decaauts)
 A = Elapsed time spent in this place.
 B = Non-inter-level travel time spent in this place.
 C = Inter-level travel time spent in this place.
 D = Time resting spent in this place.
 E = Time spent auto-exploring this place.
 F = Levels seen in this place.
 G = Mean time per level.
                   A        B        C        D        E       F      G
               +--------+--------+--------+--------+--------+-----+--------+
         Total |  10838 |  10513 |    325 |    865 |   7641 |  11 |  985.3 |
       Dungeon |  10293 |   9990 |    303 |    865 |   7232 |   9 | 1143.7 |
        Temple |    201 |    179 |     22 |      0 |    162 |   1 |  201.0 |
       Ossuary |    342 |    342 |      0 |      0 |    247 |   1 |  342.0 |
               +--------+--------+--------+--------+--------+-----+--------+

Top non-repeatable levels by time:
     D:3: 1727 daAuts
     D:6: 1422 daAuts
     D:2: 1398 daAuts
     D:8: 1395 daAuts
     D:4: 1237 daAuts
     D:9: 963 daAuts
     D:7: 913 daAuts
     D:1: 732 daAuts
     D:5: 501 daAuts
 Ossuary: 342 daAuts
  Temple: 201 daAuts
